 Dungeon Crawl Stone Soup version 0.22-a0-354-g30dfbe6 (webtiles) character file.

9352 Amnesiac the Reanimator (level 11, -17/77 HPs)
             Began as a Mummy Necromancer on Apr 16, 2018.
             Was an Elder of Sif Muna.
             Demolished by a gargoyle
             ... wielding a +0 flail
              (25 damage)
             ... on level 9 of the Dungeon.
             The game lasted 00:27:57 (13151 turns).

Amnesiac the Reanimator (Mummy Necromancer)        Turns: 13151, Time: 00:27:57

Health: -17/77     AC:  3    Str:  7    XL:     11   Next: 21%
Magic:  26/26      EV: 15    Int: 17    God:    Sif Muna [****..]
Gold:   78         SH:  6    Dex: 20    Spells: 22/32 levels left

rFire    . . .     SeeInvis .   a - +0 hunting sling
rCold    + + .     Gourm    .   s - +0 buckler
rNeg     + + +     Faith    .   h - +0 robe
rPois    ∞         Spirit   .   (no helmet)
rElec    +         Reflect  .   (no cloak)
rCorr    .         Harm     .   C - +0 pair of gloves
MR       ++...                  (no boots)
Stlth    ++........             (no amulet)
HPRegen  0.22/turn              p - ring of Joext {rElec rC+ MR+ Str-5 Dex+7}
MPRegen  0.20/turn              i - ring of protection from fire

@: divine energy
A: no food or potions, fire vulnerability, cold resistance 1, negative energy
resistance 3, torment resistance, unbreathing
a: Stop Divine Energy, Channel Magic, Forget Spell, Renounce Religion


You were on level 9 of the Dungeon.
You worshipped Sif Muna.
Sif Muna was greatly pleased with you.
You were not hungry.

You visited 2 branches of the dungeon, and saw 11 of its levels.
You also visited: Bailey.

You collected 432 gold pieces.
You spent 354 gold pieces at shops.

Inventory:

Hand Weapons
 a - a +0 hunting sling (weapon)
 b - a +2 trident of freezing
 t - a +2 morningstar
 v - a +2 long sword
Missiles
 j - 304 stones (quivered)
 B - 8 curare-tipped needles
 E - 46 tomahawks of returning
 F - a throwing net
Armour
 h - a +0 robe (worn)
 s - a +0 buckler (worn)
 C - a +0 pair of gloves (worn)
Magical Staves
 o - an uncursed staff of conjuration
Jewellery
 i - a ring of protection from fire (right hand)
 p - the ring of Joext (left hand) {rElec rC+ MR+ Str-5 Dex+7}
   (You took it off a kobold on level 4 of the Dungeon)

   [ring of protection from magic]

   It affects your strength (-5).
   It affects your dexterity (+7).
   It protects you from cold.
   It insulates you from electricity.
   It affects your resistance to hostile enchantments.
 u - an uncursed ring of wizardry
Wands
 n - a wand of disintegration (1)
 A - a wand of random effects (8)
 D - a wand of enslavement (14)
Scrolls
 c - 3 scrolls of teleportation {!r}
 d - 2 scrolls of fog {!r}
 e - 5 scrolls of noise {!r}
 f - 3 scrolls of amnesia {!r}
 g - 7 scrolls of remove curse {!r}
 k - a scroll of blinking {!r}
 l - 2 scrolls of fear {!r}
 m - a scroll of magic mapping {!r}
 q - 2 scrolls of enchant armour {!r}
 r - 2 scrolls of immolation {!r}
 w - a scroll of silence {!r}
 y - a scroll of summoning {!r}
 z - 2 scrolls of enchant weapon {!r}


   Skills:
 - Level 4.0 Fighting
 - Level 4.0 Dodging
 - Level 1.5 Stealth
 - Level 4.0 Shields
 - Level 11.0 Spellcasting
 - Level 12.6 Necromancy
 * Level 3.3 Invocations


You had 22 spell levels left.
You knew the following spells:

 Your Spells              Type           Power        Failure   Level  Hunger
a - Pain                  Necr           ####         1%          1    N/A
b - Ozocubu's Armour      Chrm/Ice       #.......     22%         3    N/A
d - Vampiric Draining     Necr           ######....   1%          3    N/A
e - Confuse               Hex            #.......     22%         3    N/A

Dungeon Overview and Level Annotations

Branches:
Dungeon (10/15)            Temple (1/1) D:4
   Lair: D:8-11         Orc: D:9-12

Altars:
Ashenzari
Cheibriados
Hepliaklqana
Sif Muna
Uskayaw
Vehumet
The Shining One

Shops:
D:6 ?   D:7 [

Annotations:
D:4 Kairos's ghost, amateur VSFi
D:8 exclusion: door
D:10 Josephine


Innate Abilities, Weirdness & Mutations

You do not eat or drink.
Your flesh is vulnerable to fire.
You are immune to poison.
Your flesh is cold resistant. (rC+)
You are immune to negative energy. (rN+++)
You are immune to unholy pain and torment.
You can survive without breathing.


Message History

Aim: a wight, wielding an enchanted hand axe and wearing a robe Nothing appears to happen.
Evoke which item? (* to show all) (? for menu, Esc to quit)
Aiming: Random Effects
Press: ? - help, Shift-Dir - straight line, f/p - wight
Aim: a wight, wielding an enchanted hand axe and wearing a robe Nothing appears to happen.
Something hits you.
Evoke which item? (* to show all) (? for menu, Esc to quit)
Aiming: Random Effects
Press: ? - help, Shift-Dir - straight line, f/p - wight
Aim: a wight, wielding an enchanted hand axe and wearing a robe The fireball explodes!
The fireball engulfs something.
The fireball engulfs the wight.
The wight is moderately damaged.
The fireball engulfs you!
Evoke which item? (* to show all) (? for menu, Esc to quit)
Aiming: Random Effects
Press: ? - help, Shift-Dir - straight line, f/p - wight
Aim: a wight, wielding an enchanted hand axe and wearing a robe (moderately damaged) Nothing appears to happen.
Something hits you but does no damage.
Evoke which item? (* to show all) (? for menu, Esc to quit)
Aiming: Random Effects
Press: ? - help, Shift-Dir - straight line, f/p - wight
Aim: a wight, wielding an enchanted hand axe and wearing a robe (moderately damaged)
The fireball explodes!
The fireball engulfs something.
Sif Muna accepts your kill.
Reactivating autopickup.
You feel a bit more experienced.
The fireball engulfs the wight.
The wight is severely damaged.
The fireball engulfs you!
* * * LOW HITPOINT WARNING * * *
Put on which piece of jewellery? (? for menu, Esc to quit)
Okay, then.
Okay, then.
Search for what [Enter for "lea", or ? for help]? sli Unknown command.
Okay, then.
Evoke which item? (* to show all) (? for menu, Esc to quit)
Aiming: Random Effects
Press: ? - help, Shift-Dir - straight line, f - wight, p - wight
Aim: a wight, wielding a spear and wearing a robe The wight is unaffected.
The wight barely misses you.
Evoke which item? (* to show all) (? for menu, Esc to quit)
Aiming: Random Effects
Press: ? - help, Shift-Dir - straight line, p - wight The wight resists with some effort.
The wight hits you with an enchanted hand axe!
* * * LOW HITPOINT WARNING * * *
Evoke which item? (* to show all) (? for menu, Esc to quit)
Aiming: Random Effects
Press: ? - help, Shift-Dir - straight line The wight flickers and vanishes!
Deactivating autopickup; reactivate with Ctrl-A.
Something hits you!
* * * LOW HITPOINT WARNING * * *
Really read
c - 4 scrolls of teleportation {!r}?
As you read the scroll of teleportation {!r}, it crumbles to dust.
You feel strangely unstable. Something hits you.
* * * LOW HITPOINT WARNING * * *
Your surroundings suddenly seem different.
You see here a stone.
There is a stone staircase leading up here.
You climb upwards.
The gargoyle hits you with a flail!!
You die...

# # #
#################
#....9...........
#.######....###.# #.#
#....# #.#
##9######....# #.#
#@.<)........# #.#
#...#######.####..
#.................
####...##.#......####
#..#...<#.#......#
#..#....#%#......##
#.........#.......#
#.##.######.......##
#....# #######..#


You could see a gargoyle.

Vanquished Creatures
  3 two-headed ogres
  An orc knight (Bailey)
  A hornet (D:9)
  A wyvern (D:8)
  A hungry ghost (D:7)
  7 yaks
  2 porcupines (D:10)
  2 ice beasts
  3 black bears (D:10)
  8 orc warriors
  2 phantoms
  A sky beast (D:9)
  5 ogres
  5 centaurs
  2 big kobolds (D:4)
  A gnoll sergeant (D:8)
  11 bullfrogs
  3 scorpions
  A water moccasin skeleton (D:9)
  7 wights
  4 howler monkeys
  6 crimson imps
  An orc priest (D:5)
  A bullfrog zombie (D:5)
  2 centaur skeletons
  3 centaur zombies
  5 hounds
  6 jellies
  A bullfrog skeleton (D:10)
  6 orc wizards
  6 worker ants
  A hound skeleton (D:8)
  8 gnolls
  7 adders
  4 shadow imps
  9 oozes
  An adder zombie (D:6)
  2 worms (D:2)
  6 dart slugs
  9 leopard geckos
  22 orcs
  8 ball pythons
  10 giant cockroaches
  12 goblins
  11 hobgoblins
  17 jackals
  5 quokkas
  A ball python zombie (D:3)
  12 bats
  6 frilled lizards
  33 kobolds
  A quokka skeleton (D:7)
  4 rats
297 creatures vanquished.

Vanquished Creatures (others)
  40 fungi
  20 plants (D:10)
  9 toadstools (D:2)
69 creatures vanquished.

Grand Total: 366 creatures vanquished

Notes
Turn   | Place    | Note
-------+----------+-------------------------------------------
     0 | D:1      | Amnesiac the Mummy Necromancer began the quest for the Orb.
     0 | D:1      | Reached XP level 1. HP: 13/13 MP: 4/4
   241 | D:1      | Reached XP level 2. HP: 19/19 MP: 3/5
   804 | D:2      | Reached XP level 3. HP: 25/25 MP: 7/7
   809 | D:2      | Learned a level 3 spell: Vampiric Draining
  1095 | D:2      | Reached skill level 1 in Fighting
  1445 | D:2      | Reached XP level 4. HP: 19/32 MP: 8/8
  1681 | D:2      | Reached XP level 5. HP: 24/37 MP: 6/10
  1683 | D:2      | Reached skill level 5 in Necromancy
  2840 | D:3      | Found a glowing golden altar of the Shining One.
  3184 | D:4      | Reached XP level 6. HP: 43/46 MP: 5/12
  3325 | D:4      | Found a staircase to the Ecumenical Temple.
  3429 | Temple   | Entered the Ecumenical Temple
  3501 | Temple   | Became a worshipper of Sif Muna the Loreminder
  3870 | D:4      | Got a fine golden ring
  3893 | D:4      | Reached XP level 7. HP: 34/51 MP: 4/14
  3975 | D:4      | Noticed Kairos's ghost (amateur VSFi)
  4005 | D:5      | Entered Level 5 of the Dungeon
  4033 | D:5      | Reached skill level 5 in Spellcasting
  4117 | D:5      | Reached skill level 6 in Necromancy
  4394 | D:5      | Reached * piety under Sif Muna
  5054 | D:4      | Got a dazzling war axe
  5321 | D:5      | Identified the +3 war axe "Giantbane" {venom, -Tele Fragile Int+6 Dex+4} (You found it on level 4 of the Dungeon)
  5324 | D:5      | Reached XP level 8. HP: 10/60 MP: 16/16
  5729 | D:5      | Reached skill level 7 in Necromancy
  6430 | D:6      | Reached skill level 1 in Shields
  6567 | D:6      | Reached ** piety under Sif Muna
  6705 | D:6      | Found a radiant altar of Vehumet.
  6998 | D:6      | Reached skill level 8 in Necromancy
  7094 | D:6      | Found Tudwap Helo's Magic Scroll Shoppe.
  7097 | D:6      | Bought a scroll of identify for 26 gold pieces
  7097 | D:6      | Identified the ring of Joext {rElec rC+ MR+ Str-5 Dex+7} (You took it off a kobold on level 4 of the Dungeon)
  7103 | D:6      | Bought a scroll of fear for 45 gold pieces
  7110 | D:6      | Bought a scroll of fog for 26 gold pieces
  7110 | D:6      | Bought a scroll of enchant armour for 97 gold pieces
  7796 | D:7      | Reached XP level 9. HP: 57/65 MP: 10/19
  7866 | D:6      | Bought a scroll of enchant weapon for 97 gold pieces
  8223 | D:7      | Found Deerr's Armour Shop.
  8240 | D:7      | Bought a +0 pair of gloves for 63 gold pieces
  8343 | D:8      | Reached skill level 9 in Necromancy
  8398 | D:8      | Reached *** piety under Sif Muna
  8727 | D:8      | Found a flagged portal.
  8823 | Bailey   | Entered a bailey
  9009 | Bailey   | Learned a level 3 spell: Ozocubu's Armour
  9014 | Bailey   | Noticed an orc knight
  9394 | Bailey   | Reached skill level 10 in Necromancy
  9622 | Bailey   | Killed an orc knight
  9622 | Bailey   | Reached XP level 10. HP: 71/71 MP: 7/23
  9883 | D:8      | Reached **** piety under Sif Muna
  9992 | D:8      | Reached skill level 11 in Necromancy
  9994 | D:8      | Noticed a two-headed ogre
  9999 | D:8      | Found a hide-covered altar of Uskayaw.
 10600 | D:8      | Killed a two-headed ogre
 10600 | D:8      | Reached skill level 10 in Spellcasting
 11020 | D:9      | Found a shattered altar of Ashenzari.
 12013 | D:9      | Reached skill level 12 in Necromancy
 12040 | D:9      | Found a hazy altar of Hepliaklqana.
 12040 | D:9      | Noticed a two-headed ogre
 12041 | D:9      | Noticed a two-headed ogre
 12070 | D:9      | Killed a two-headed ogre
 12137 | D:8      | Killed a two-headed ogre
 12287 | D:9      | Reached ***** piety under Sif Muna
 12287 | D:9      | Reached XP level 11. HP: 71/77 MP: 25/25
 12304 | D:9      | Identified Baxenimm's Tome of Attacks and Curses (Sif Muna gifted it to you on level 9 of the Dungeon)
 12304 | D:9      | Received a gift from Sif Muna
 12319 | D:9      | Learned a level 3 spell: Confuse
 12566 | D:10     | Entered Level 10 of the Dungeon
 12743 | D:10     | Reached skill level 1 in Invocations
 13078 | D:10     | Noticed Josephine
 13151 | D:9      | Demolished by a gargoyle

Vault maps used:
D:1:      evilmike_arrival_rings, minmay_pentomino_t4
D:2:      cheibrodos_fertilizer
D:3:      nicolae_tso_swordbearing_angel, first_ration
D:4:      cheibrodos_thug_alley, temple_fountains
D:6:      vehumet_crystals, serial_shops, kennysheep_mini_moat
D:7:      serial_shops, shop
D:8:      lemuel_doored_altar, enter_bailey_8
D:9:      old_standard_altar, overflow_temple_1_default
D:10:     due_lair_maze_entry_diamond, uniq_josephine, uniq_erolcha
Temple:   minmay_crystal_spiral_temple
Bailey:   bailey_axe_1, bailey

Skill      XL: |  1  2  3  4  5  6  7  8  9 10 11 |
---------------+----------------------------------+-----
Dodging        | 2 3 4 |  4.0
Spellcasting   | 3 4 5 7 9 10 11 | 11.0
Fighting       | 1 2 3 4 |  4.0
Necromancy     | 5 6 8 10 12 | 12.6
Shields        | 2 4 |  4.0
Invocations    | 3 |  3.3
Stealth        | |  1.5

Action                   |  1- 3 |  4- 6 |  7- 9 | 10-12 || total
-------------------------+-------+-------+-------+-------++-------
Melee: Unarmed           |    10 |       |       |       ||    10
       War axe           |       |       |     3 |       ||     3
       Hunting sling     |       |       |     1 |       ||     1
       Long sword        |       |       |    82 |    18 ||   100
 Fire: Hunting sling     |   118 |   302 |   520 |   366 ||  1306
 Cast: Pain              |    25 |       |   122 |    90 ||   237
       Vampiric Draining |     4 |    11 |    76 |    73 ||   164
Invok: Divine Energy     |       |       |     1 |       ||     1
Evoke: Wand              |       |       |    18 |    24 ||    42
  Use: Scroll            |       |       |    11 |     6 ||    17
Armor: Robe              |    16 |    23 |    54 |    42 ||   135
Dodge: Dodged            |    52 |   120 |   342 |   260 ||   774
Block: Buckler           |       |       |    75 |   107 ||   182
       Rpst.: Long sword |       |       |    46 |    17 ||    63

Table legend:
 A = Spawn XP
 B = Non-spawn XP
 C = Spawn XP percentage of total XP
 D = Spawn monster count
 E = Non-spawn monster count
 F = Spawn count percentage of total count
 G = Total turns spent on level
                    A         B        C        D         E        F      G
               +---------+---------+-------+---------+---------+-------+---------
         Total |       0 |   13360 |   0.0 |       0 |     297 |   0.0 | 13151
               +---------+---------+-------+---------+---------+-------+---------
           D:1 |       0 |      38 |   0.0 |       0 |      19 |   0.0 |   791
           D:2 |       0 |     240 |   0.0 |       0 |      50 |   0.0 |  1699
           D:3 |       0 |      61 |   0.0 |       0 |      23 |   0.0 |   723
           D:4 |       0 |     477 |   0.0 |       0 |      26 |   0.0 |  1108
           D:5 |       0 |     997 |   0.0 |       0 |      25 |   0.0 |  2073
           D:6 |       0 |     503 |   0.0 |       0 |      19 |   0.0 |   941
           D:7 |       0 |    1154 |   0.0 |       0 |      18 |   0.0 |   984
           D:8 |       0 |    4350 |   0.0 |       0 |      40 |   0.0 |  1770
           D:9 |       0 |    2311 |   0.0 |       0 |      27 |   0.0 |  1515
          D:10 |       0 |    1735 |   0.0 |       0 |      18 |   0.0 |   563
        Bailey |       0 |    1494 |   0.0 |       0 |      32 |   0.0 |   967
               +---------+---------+-------+---------+---------+-------+---------
